 Dungeon Crawl Stone Soup version 0.20.1-1-g8b1a95d (webtiles) character file.

247 Linguinho the Vexing (level 5, 0/36 HPs)
             Began as a Demonspawn Enchanter on Oct 31, 2017.
             Killed from afar by monokles's ghost (15 damage)
             ... with a spray of energy
             ... in a sewer.
             The game lasted 00:12:22 (4173 turns).

Linguinho the Vexing (Demonspawn Enchanter)         Turns: 4173, Time: 00:12:23

Health: 0/36       AC:  9    Str:  9    XL:     5   Next: 85%
Magic:  0/9        EV: 13    Int: 16    God:
Gold:   219        SH:  0    Dex: 18    Spells: 4/10 levels left

rFire    . . .     SeeInvis .   a - +1 dagger
rCold    . . .     Gourm    .   (no shield)
rNeg     . . .     Faith    .   b - +0 robe
rPois    .         Spirit   +   w - +0 helmet
rElec    .         Reflect  .   (no cloak)
rCorr    .         Harm     .   r - +2 pair of gloves
MR       +....                  (no boots)
Stlth    +.........             (no amulet)
Regen    0.2/turn               n - +4 ring of dexterity
MPRegen  0.2/turn               (no ring)

@: confused, lethally poisoned (0 -> -5)
A: molten scales 2, blink, demonic guardian 1, magic resistance 1, magic shield
a: Blink


You were in a sewer.
You were very hungry.

You visited 1 branch of the dungeon, and saw 4 of its levels.
You also visited: Sewer.

You collected 219 gold pieces.

Inventory:

Hand Weapons
 a - a +1 dagger (weapon)
Armour
 b - a +0 robe (worn)
 r - a +2 pair of gloves (worn)
 w - a +0 helmet (worn)
Jewellery
 n - a +4 ring of dexterity (left hand)
 q - an uncursed ring of see invisible {unknown}
 x - an uncursed amulet of regeneration {unknown}
 y - a cursed ring of loudness {unknown}
 D - an uncursed amulet of harm {unknown}
Wands
 h - a wand of polymorph (18/24)
Scrolls
 e - a scroll of identify
 k - a scroll of magic mapping
 l - a scroll of random uselessness
 p - a scroll of immolation
Potions
 g - a potion of mutation
 i - 2 potions of flight
 m - a potion of might {unknown}
 o - a potion of lignification {unknown}
 s - a potion of experience {unknown}
 t - a potion of heal wounds {unknown}
 B - 2 potions of curing
 C - a potion of cancellation {unknown}
Books
 c - a book of Maledictions

   Spells                             Type                      Level
   a - Corona                         Hexes                        1
   b - Ensorcelled Hibernation        Hexes/Ice                    2
   c - Confuse                        Hexes                        3
   d - Tukima's Dance                 Hexes                        3
   e - Dazzling Spray                 Conjuration/Hexes            3
Comestibles
 d - 3 bread rations
 f - 3 meat rations
 z - a fruit
 A - a royal jelly


   Skills:
 + Level 0.8 Fighting
 + Level 2.0 Short Blades
 + Level 2.3 Dodging
 + Level 3.8 Stealth
 + Level 3.0 Spellcasting
 + Level 4.0 Hexes
 + Level 1.4 Ice Magic


You had 4 spell levels left.
You knew the following spells:

 Your Spells              Type           Power        Failure   Level  Hunger
a - Corona                Hex            ###....      3%          1    #......
b - Ensorcelled Hibernat  Hex/Ice        ##....       10%         2    ##.....
c - Confuse               Hex            ###.....     11%         3    ###....


Dungeon Overview and Level Annotations

Branches:
Dungeon (4/15)
 Temple: D:4-7

Altars:

Annotations:
Sewer monokles's ghost, novice SpEn


Innate Abilities, Weirdness & Mutations

You are mostly covered in molten scales. (AC +3)
A weak demonic guardian rushes to your aid.
When hurt, damage is shared between your health and your magic reserves.
You can translocate small distances at will.
You are resistant to hostile enchantments. (MR+)


Message History

You are confused.
Your quasit splashes around in the water.
Your quasit closely misses monokles's ghost.
Your quasit misses monokles's ghost.
You enter the shallow water.
Moving in this stuff is going to be slow.
You feel sick.
Your quasit closely misses monokles's ghost.
Your quasit misses monokles's ghost.
Your quasit closely misses monokles's ghost.
Monokles's ghost gestures at you while chanting.
You easily resist.
Your quasit bites monokles's ghost.
Your quasit barely misses monokles's ghost.
Your quasit splashes around in the water.
A frilled lizard comes into view.
You feel sick.
You feel sick. Monokles's ghost casts a spell at you.
The spray of energy hits you!
You die...

≈≈#≈≈≈≈≈≈≈≈≈#####
≈≈≈≈≈≈≈≈≈≈≈≈≈≈≈≈#
≈≈≈≈≈≈≈≈≈≈≈≈≈≈≈≈#
≈≈≈≈≈≈≈≈≈≈≈≈≈≈≈≈####
≈≈≈≈≈≈≈≈≈≈≈≈≈≈≈≈≈≈≈##
≈≈≈≈≈≈≈≈≈≈≈≈≈≈≈≈≈≈≈≈#
≈≈S≈≈≈≈≈≈≈≈≈≈≈≈≈≈≈≈≈#
#@.W.≈≈≈≈≈≈≈≈≈##
#####5≈≈≈≈≈≈≈≈≈##
#≈5≈≈≈≈≈≈≈≈≈#
##.#≈≈≈≈≈≈≈≈#
####l≈≈≈≈≈≈#
#.≈≈≈≈≈≈# #.≈≈≈≈≈≈#
#≈≈≈≈≈≈## ##≈≈≈≈≈≈≈#


You could see monokles's ghost, a ball python (wandering) and a friendly quasit.

Vanquished Creatures
  A hound (D:4)
  A worker ant (D:3)
  Robin (D:2)
  5 adders
  4 worms
  A dart slug (D:4)
  A leopard gecko (D:1)
  3 orcs (D:3)
  3 giant cockroaches
  12 goblins
  8 hobgoblins
  8 jackals
  2 quokkas
  A ball python skeleton (D:4)
  8 bats
  10 frilled lizards
  8 kobolds
  4 rats (D:2)
81 creatures vanquished.

Vanquished Creatures (collateral kills)
  An ogre (D:4)
  An orc (D:3)
  A frilled lizard (Sewer)
  2 goblins
  A kobold (D:3)
6 creatures vanquished.

Vanquished Creatures (others)
  A frilled lizard (Sewer)
1 creature vanquished.

Grand Total: 88 creatures vanquished

Notes
Turn   | Place    | Note
-------+----------+-------------------------------------------
     0 | D:1      | Linguinho the Demonspawn Enchanter began the quest for the Orb.
     0 | D:1      | Reached XP level 1. HP: 13/13 MP: 3/3
   581 | D:1      | Gained mutation: You are partially covered in molten scales. (AC +2) [demonic ancestry]
   581 | D:1      | Reached XP level 2. HP: 17/19 MP: 1/5
   585 | D:1      | Learned a level 2 spell: Ensorcelled Hibernation
   694 | D:1      | Reached skill level 1 in Short Blades
  1567 | D:1      | Gained mutation: A weak demonic guardian rushes to your aid. [demonic ancestry]
  1567 | D:1      | Reached XP level 3. HP: 24/24 MP: 3/6
  1572 | D:1      | Learned a level 3 spell: Confuse
  1951 | D:2      | Noticed Robin
  1969 | D:2      | Killed Robin
  2463 | D:2      | Gained mutation: When hurt, damage is shared between your health and your magic reserves. [demonic ancestry]
  2463 | D:2      | Reached XP level 4. HP: 28/31 MP: 1/7
  2952 | D:3      | Reached skill level 1 in Ice Magic
  3604 | D:4      | Gained mutation: You are mostly covered in molten scales. (AC +3) [demonic ancestry]
  3604 | D:4      | Reached XP level 5. HP: 36/36 MP: 0/9
  3626 | D:3      | Gained mutation: You are resistant to hostile enchantments. (MR+) [potion of mutation]
  3626 | D:3      | Gained mutation: You can translocate small distances at will. [potion of mutation]
  3989 | D:4      | Noticed an ogre
  4011 | D:4      | Killed an ogre
  4011 | D:4      | Reached skill level 4 in Hexes
  4119 | D:4      | Found a glowing drain.
  4156 | Sewer    | Entered a sewer
  4158 | Sewer    | Noticed monokles's ghost (novice SpEn)
  4173 | Sewer    | Killed from afar by monokles's ghost

Skill      XL: |  1  2  3  4  5 |
---------------+----------------+-----
Short Blades   | 1 2 |  2.0
Stealth        | 3 |  3.8
Dodging        | 2 |  2.3
Ice Magic      | 1 |  1.4
Spellcasting   | 3 |  3.0
Hexes          | 4 |  4.0
Fighting       | |  0.8

Action                   |  1- 3 |  4- 6 || total
-------------------------+-------+-------++-------
Melee: Dagger            |   181 |   118 ||   299
 Cast: Corona            |    12 |     5 ||    17
       Ensorcelled Hiber |    27 |    29 ||    56
       Confuse           |       |     1 ||     1
  Use: Scroll            |       |     6 ||     6
       Potion            |       |     5 ||     5
 Stab: Sleeping          |    23 |    19 ||    42
       Distracted        |     1 |       ||     1
  Eat: Chunk             |     4 |     4 ||     8
       Meat ration       |     1 |       ||     1
Armor: Robe              |    51 |    79 ||   130
Dodge: Dodged            |   148 |   106 ||   254
